 Dungeon Sprint DCSS version 0.23-a0-322-g02c3efa (webtiles) character file.

567 schets the Skirmisher (level 7, -2/61 HPs)
             Began as a Barachi Skald on Oct 16, 2018.
             Was the Champion of Cheibriados.
             Slain by a deep troll (10 damage)
             ... in the Dungeon (Sprint VII: "The Pits").
             The game lasted 00:02:36 (1131 turns).

schets the Skirmisher (Barachi Skald)               Turns: 1131, Time: 00:02:37

Health: -2/61      AC: 10    Str: 28    XL:     7   Next: 33%
Magic:  4/14       EV: 15    Int: 30    God:    Cheibriados [******]
Gold:   0          SH:  0    Dex: 26    Spells: 5/16 levels left

rFire    . . .     SeeInvis .   f - +2 long sword (flame)
rCold    . . .     Gourm    .   (no shield)
rNeg     . . .     Faith    .   p - +3 scale mail
rPois    .         Spirit   .   (no helmet)
rElec    .         Reflect  .   (no cloak)
rCorr    .         Harm     .   (no gloves)
MR       .....     NoTele   +   (no boots)
Stlth    ++........             (no amulet)
HPRegen  0.20/turn              (no ring)
MPRegen  0.14/turn              (no ring)

@: very slow
A: +LOS, swims, slowness 1, strong legs 1
a: Hop, Bend Time, Temporal Distortion, Slouch, Step From Time, Renounce
Religion


You were in the Dungeon.
You worshipped Cheibriados.
Cheibriados was exalted by your worship.
You were not hungry.

You visited 1 branch

Inventory:

Hand Weapons
 a - a +0 falchion
 f - a +2 long sword of flaming (weapon)
 o - a +2 falchion
Armour
 b - a +0 leather armour
 p - a +3 scale mail (worn)
Scrolls
 j - a scroll of blinking
 l - 3 scrolls of remove curse
 m - 5 scrolls of amnesia
 n - a scroll of summoning
Potions
 c - 5 potions of curing
 e - 4 potions of heal wounds
 g - a potion of haste
 h - 4 potions of magic
 i - 3 potions of berserk rage
 k - a potion of invisibility
Comestibles
 d - 9 rations


   Skills:
 * Level 7.9 Fighting
 * Level 7.9 Long Blades
 + Level 5.3 Armour
 + Level 5.3 Dodging
 + Level 4.3 Stealth
 + Level 5.0 Spellcasting
 + Level 6.2 Charms
 + Level 2.7 Necromancy
 * Level 5.5 Invocations


You had 5 spell levels left.
You knew the following spells:

 Your Spells              Type           Power        Failure   Level  Hunger
a - Infusion              Chrm           ####         1%          1    None
b - Song of Slaying       Chrm           #####...     1%          2    None
c - Shroud of Golubria    Chrm/Tloc      ####......   4%          2    None
d - Regeneration          Chrm/Necr      ####......   5%          3    None
e - Spectral Weapon       Hex/Chrm       ####....     10%         3    None

Your spell library contained the following spells:

 Spells                   Type           Power        Failure   Level  Hunger


Dungeon Overview and Level Annotations

Branches:
Dungeon (1/1)

Altars:
Ashenzari
Cheibriados
Dithmenos
Elyvilon
Fedhas
Gozag
Hepliaklqana
Kikubaaqudgha
Makhleb
Nemelex Xobeh
Okawaru
Qazlal
Ru
Sif Muna
Trog
Uskayaw
Vehumet
Wu Jian
Xom
Yredelemnul
Zin
The Shining One
Beogh
Jiyva
Lugonu


Innate Abilities, Weirdness & Mutations

Shadows flee at your approach. (+LOS)
You can swim through water.
You cover ground slowly.
You can hop short distances.


Message History

A deep troll comes into view.
The deep troll shouts!
You can feel time thicken for a moment.
You feel somewhat more hungry. The deep troll bites you!
The deep troll claws you! The deep troll completely misses you.
Unknown command.
You can feel time thicken for a moment.
You feel somewhat more hungry. The deep troll bites you!
The deep troll claws you!
* * * LOW HITPOINT WARNING * * *
The deep troll claws you!
* * * LOW HITPOINT WARNING * * *
Unknown command.
You don't have enough magic at the moment.
Unknown command.
Unknown command.
Unknown command.
You feel much better. The deep troll bites you!!
* * * LOW HITPOINT WARNING * * *
The deep troll claws you!
You die...

#.#...)))..##.......#
#'###########.......#
#..)))).# #########
#)###)..# #)#.))..#
#.#...#.#+#
#.....#.#.+
#...###.#T#
#.......'@#
###########


You could see a deep troll.

Vanquished Creatures
  A warg (D)
  A floating eye (D)
  2 gnoll sergeants (D)
  A gnoll shaman (D)
  A worker ant (D)
  A mummy (D)
  14 gnolls (D)
  A river rat (D)
  An ooze (D)
  2 bats (D)
  A bat skeleton (D)
  A giant cockroach (D)
  A hobgoblin (D)
  2 jackals (D)
  A frilled lizard (D)
31 creatures vanquished.

Notes
Turn   | Place    | Note
-------+----------+-------------------------------------------
     0 | D        | schets the Barachi Skald began the quest for the Orb.
     0 | D        | Reached XP level 1. HP: 17/17 MP: 3/3
    79 | D        | Found a bloodstained altar of Trog.
    79 | D        | Found a deep blue altar of Sif Muna.
    79 | D        | Found a viscous altar of Jiyva.
    79 | D        | Found a hazy altar of Hepliaklqana.
    79 | D        | Found an opulent altar of Gozag.
    80 | D        | Found a glowing golden altar of the Shining One.
    80 | D        | Found a glowing silver altar of Zin.
    80 | D        | Found a basalt altar of Yredelemnul.
    80 | D        | Found a shimmering altar of Xom.
    80 | D        | Found an ornate altar of the Wu Jian Council.
    80 | D        | Found a radiant altar of Vehumet.
    80 | D        | Found a sacrificial altar of Ru.
    80 | D        | Found a stormy altar of Qazlal.
    80 | D        | Found an iron altar of Okawaru.
    80 | D        | Found a sparkling altar of Nemelex Xobeh.
    80 | D        | Found a burning altar of Makhleb.
    80 | D        | Found a corrupted altar of Lugonu.
    80 | D        | Found a blossoming altar of Fedhas.
    80 | D        | Found a white marble altar of Elyvilon.
    80 | D        | Found a shadowy altar of Dithmenos.
    80 | D        | Found a snail-covered altar of Cheibriados.
    80 | D        | Found a roughly hewn altar of Beogh.
    81 | D        | Found a hide-covered altar of Uskayaw.
    81 | D        | Found an ancient bone altar of Kikubaaqudgha.
    81 | D        | Found a shattered altar of Ashenzari.
    88 | D        | Became a worshipper of Cheibriados the Contemplative
   141 | D        | Noticed a floating eye
   142 | D        | Paralysed by a floating eye for 4 turns
   147 | D        | Paralysed by a floating eye for 4 turns
   152 | D        | Killed a floating eye
   152 | D        | Reached * piety under Cheibriados
   152 | D        | Reached skill level 5 in Fighting
   152 | D        | Reached skill level 5 in Long Blades
   152 | D        | Reached XP level 2. HP: 27/27 MP: 3/6
   152 | D        | Reached XP level 3. HP: 33/33 MP: 4/8
   152 | D        | Reached XP level 4. HP: 39/39 MP: 4/9
   199 | D        | Reached ** piety under Cheibriados
   232 | D        | Reached XP level 5. HP: 44/44 MP: 10/10
   248 | D        | Reached *** piety under Cheibriados
   253 | D        | HP: 1/45 [gnoll/+0 spear (3)]
   258 | D        | Reached **** piety under Cheibriados
   258 | D        | Reached skill level 5 in Charms
   752 | D        | Learned a level 2 spell: Song of Slaying
   755 | D        | Learned a level 2 spell: Shroud of Golubria
   759 | D        | Learned a level 3 spell: Regeneration
   763 | D        | Learned a level 3 spell: Spectral Weapon
   824 | D        | Reached ***** piety under Cheibriados
   824 | D        | Reached skill level 1 in Necromancy
   824 | D        | Reached XP level 6. HP: 53/53 MP: 10/12
   830 | D        | Reached ****** piety under Cheibriados
   831 | D        | Reached skill level 5 in Dodging
   831 | D        | Reached skill level 5 in Invocations
   840 | D        | Reached skill level 5 in Armour
   840 | D        | Reached XP level 7. HP: 47/60 MP: 3/14
   961 | D        | Noticed a warg
   967 | D        | Killed a warg
   967 | D        | Reached skill level 5 in Spellcasting
  1128 | D        | Noticed a deep troll
  1131 | D        | Slain by a deep troll

Vault maps used:
D:        pitsprint

Skill      XL: |  1  2  3  4  5  6  7 |
---------------+----------------------+-----
Fighting       | 5 6 7 |  7.9
Long Blades    | 5 6 7 |  7.9
Armour         | 3 4 5 |  5.3
Dodging        | 3 4 5 |  5.3
Stealth        | 2 3 4 |  4.3
Spellcasting   | 3 4 5 |  5.0
Charms         | 4 5 6 |  6.2
Invocations    | 2 3 4 5 |  5.5
Necromancy     | 1 2 |  2.7

Action                   |  1- 3 |  4- 6 |  7- 9 || total
-------------------------+-------+-------+-------++-------
Melee: Falchion          |    11 |    27 |       ||    38
       Long sword        |       |    10 |     6 ||    16
 Cast: Infusion          |     1 |     1 |       ||     2
Invok: Slouch            |       |     2 |     3 ||     5
 Abil: Hop               |       |     1 |       ||     1
  Use: Potion            |     1 |     2 |     1 ||     4
 Stab: Sleeping          |       |     1 |     1 ||     2
Armor: Leather armour    |     3 |     5 |       ||     8
       Scale mail        |       |    13 |       ||    13
Dodge: Dodged            |    11 |    42 |     3 ||    56
       Rpst.: Falchion   |     5 |    10 |       ||    15
       Long sword        |       |     2 |       ||     2

Table legend:
 A = Non-vault XP
 B = Vault XP
 C = Vault XP percentage of total XP
 D = Non-vault monster count
 E = Vault monster count
 F = Vault count percentage of total count
                 A         B        C        D         E       F
            +---------+---------+-------+---------+---------+-------
      Total |       0 |     811 | 100.0 |       0 |      31 | 100.0
            +---------+---------+-------+---------+---------+-------
          D |       0 |     811 | 100.0 |       0 |      31 | 100.0
            +---------+---------+-------+---------+---------+-------
